 Dungeon Crawl Stone Soup version 0.26.1-11-gd32895ea62 (webtiles) character file.

Game seed: 7748560233307401821

69 Exodus22XD the Chopper (level 4, -5/34 HPs)
             Began as a Demonspawn Gladiator on June 6, 2021.
             Slain by Sigmund
             ... wielding a +0 scythe
              (7 damage)
             ... on level 2 of the Dungeon.
             The game lasted 00:02:44 (2032 turns).

Exodus22XD the Chopper (Demonspawn Gladiator)       Turns: 2032, Time: 00:02:44

Health: -5/34      AC:  7    Str: 16    XL:     4   Next: 2%
Magic:  4/4        EV: 11    Int:  9    God:
Gold:   104        SH:  0    Dex: 14    Spells: 3/3 levels left

rFire    . . .     SeeInvis .   a - +0 war axe
rCold    . . .     Faith    .   (no shield)
rNeg     . . .     Spirit   .   m - +0 scale mail
rPois    .         Reflect  .   c - +0 helmet
rElec    .         Harm     .   (no cloak)
rCorr    .         Rampage  .   (no gloves)
Will     .....                  (no boots)
Stlth    ..........             (no amulet)
HPRegen  0.11/turn              (no ring)
MPRegen  0.09/turn              (no ring)

@: no status effects
A: claws 1, spiny 1
a: no special abilities


You were on level 2 of the Dungeon.
You visited 1 branch of the dungeon, and saw 2 of its levels.

You collected 104 gold pieces.

Inventory:

Hand Weapons
 a - a +0 war axe (weapon)
Missiles
 d - 3 throwing nets (quivered)
Armour
 c - a +0 helmet (worn)
 m - a +0 scale mail (worn)
Scrolls
 e - 2 scrolls of blinking {unknown}
 f - 2 scrolls of remove curse {unknown}
 g - 4 scrolls of magic mapping
Potions
 i - a potion of ambrosia
 j - a potion of mutation {unknown}
 k - a potion of attraction {unknown}
 l - a potion of might {unknown}
 n - a potion of resistance {unknown}


   Skills:
 + Level 2.3 Fighting
 + Level 3.5 Axes
 - Level 1.7 Throwing
 * Level 1.4 Armour
 + Level 3.1 Dodging


You had 3 spell levels left.
You didn't know any spells.
Your spell library was empty.

Dungeon Overview and Level Annotations

Branches:
Dungeon (2/15)

Altars:

Annotations:
D:2 Sigmund


Innate Abilities, Weirdness & Mutations

You have sharp fingernails.
You are partially covered in sharp spines.


Message History

* * * LOW HITPOINT WARNING * * *
You barely miss something.
You hear some strange, mumbled words.
A puff of flame appears from out of thin air!
The puff of flame misses you.
You miss something.
You hear some strange, mumbled words.
You are confused.
You feel better.
You hear some strange, mumbled words.
Something tries to affect you, but you resist.
You miss something.
You hear some strange, mumbled words.
A magic dart appears from out of thin air!
The magic dart hits you.
You barely miss something. Something hits you!
* * * LOW HITPOINT WARNING * * *
Okay, then.
Something hits you!
You die...

.........# #.##.#...#####.#
.........# #.##.#.........#
.........# #.##.#.....##..#
.........# ######.##.#.###.##..#
.........# #.......#.#.#.#....^#
....(....###[###.#.#.#...#....##
.........'...# #.#.#.###.#.####
......(.(##..###.#.#.#.#.#.#
..............{.@.......>#.#
#.######.#.....#.#.#.#.#.#.#
#.....##.#..##.#.#.#.#.#...#
#.##.#...........#.#####
#..#(#.#######.###.##.#
#....#.#..............###
#####...)).#.###.....#..#...#
......####......[.####..###.#####
......#..#.#.####..).............


There were no monsters in sight!

Vanquished Creatures
  2 adders (D:2)
  An ooze (D:2)
  2 worms (D:2)
  A dart slug (D:1)
  2 leopard geckos
  A giant cockroach (D:1)
  6 goblins
  6 hobgoblins
  A jackal (D:2)
  4 kobolds
  5 bats
  4 frilled lizards
  A rat (D:1)
36 creatures vanquished.

Notes
Turn   | Place    | Note
-------+----------+-------------------------------------------
     0 | D:1      | Exodus22XD the Demonspawn Gladiator began the quest for the
                  | Orb.
     0 | D:1      | Reached XP level 1. HP: 16/16 MP: 1/1
   225 | D:1      | Gained mutation: You are partially covered in sharp spines.
                  | [demonic ancestry]
   225 | D:1      | Reached XP level 2. HP: 22/22 MP: 2/2
  1258 | D:2      | Reached skill level 1 in Armour
  1258 | D:2      | Reached XP level 3. HP: 21/27 MP: 3/3
  1716 | D:2      | Gained mutation: You have sharp fingernails. [demonic
                  | ancestry]
  1716 | D:2      | Reached XP level 4. HP: 12/34 MP: 4/4
  1917 | D:2      | Noticed Sigmund
  2032 | D:2      | Slain by Sigmund

Illustrated notes

Levels and vault maps discovered:
D:1:      dpeg_arrival_court, layout_loops_cross, nrook_mini_backslash
D:2:      layout_basic, minmay_tree_intersection, minmay_circle_x, uniq_sigmund

Skill      XL: |  1  2 |
---------------+-------+-----
Axes           | 3 |  3.5
Armour         | 1 |  1.4
Dodging        | 3 |  3.1
Fighting       | |  2.3
Throwing       | |  1.7

Action                   |  1- 3 |  4- 6 || total
-------------------------+-------+-------++-------
Melee: War axe           |    75 |    17 ||    92
  Use: Scroll            |     3 |       ||     3
       Potion            |       |     3 ||     3
Armor: Leather armour    |    13 |       ||    13
       Scale mail        |    15 |     2 ||    17
Dodge: Dodged            |    51 |     6 ||    57
